 Dungeon Crawl Stone Soup version 0.20-a0-339-g8ddb3e8 (webtiles) character file.

464 Naow the Chopper (level 6, -1/84 HPs)
             Began as a Minotaur Berserker on Dec 22, 2016.
             Was an Elder of Trog.
             Engulfed by an orc wizard's steam (4 damage)
             ... on level 4 of the Dungeon.
             The game lasted 00:05:50 (3304 turns).

Naow the Chopper (Minotaur Berserker)               Turns: 3304, Time: 00:05:50

Health: -1/84      AC:  2    Str: 27    XL:     6   Next: 80%
Magic:  5/5        EV: 12    Int:  6    God:    Trog [****..]
Gold:   217        SH:  0    Dex:  9    Spells: 5/5 levels left

rFire  . . .     SeeInvis .     a - +0 hand axe
rCold  . . .     Gourm    .     b - +0 animal skin
rNeg   . . .     Faith    .     (no shield)
rPois  .         Spirit   .     (helmet restricted)
rElec  .         Reflect  .     (no cloak)
rCorr  .         Harm     .     (no gloves)
MR     .....                    (no boots)
Stlth  ..........               (no amulet)
                                (no ring)
                                (no ring)

@: berserking, very quick
A: retaliatory headbutt, horns 2
a: Berserk, Trog's Hand, Brothers in Arms, Burn Spellbooks, Renounce Religion


You were on level 4 of the Dungeon.
You worshipped Trog.
Trog was greatly pleased with you.
You were not hungry.

You visited 1 branch of the dungeon, and saw 4 of its levels.

You collected 217 gold pieces.

Inventory:

Hand Weapons
 a - a +0 hand axe (weapon)
Armour
 b - a +0 animal skin (worn)
Jewellery
 i - an uncursed ring of protection from cold {unknown}
 k - an uncursed ring of see invisible {unknown}
 s - an uncursed ring of resist corrosion {unknown}
 A - an uncursed ring of stealth {unknown}
 B - an uncursed ring of see invisible {unknown}
Wands
 d - a wand of slowing (11/48)
Scrolls
 e - 2 scrolls of amnesia {unknown}
 j - 2 scrolls of fog {unknown}
 p - 2 scrolls of immolation {unknown}
 q - 3 scrolls of identify {unknown}
 t - a scroll of recharging {unknown}
 v - a scroll of teleportation {unknown}
 w - a scroll of magic mapping {unknown}
 y - a scroll of remove curse {unknown}
Potions
 g - 2 potions of curing {unknown}
 l - 2 potions of might {unknown}
 n - a potion of haste {unknown}
 o - 2 potions of heal wounds {unknown}
 r - a potion of mutation {unknown}
 u - 2 potions of brilliance {unknown}
 x - a potion of flight {unknown}
Comestibles
 c - 3 bread rations
 f - 3 meat rations
 h - 2 beef jerkies
 m - 2 fruits
 z - a slice of pizza


   Skills:
 + Level 5.5 Fighting
 * Level 7.1 Axes
 + Level 4.8 Armour
 - Level 2.1 Dodging


You had 5 spell levels left.
You didn't know any spells.

Dungeon Overview and Level Annotations

Branches:
Dungeon (4/15)
 Temple: D:4-7

Altars:
Trog


Innate Abilities, Weirdness & Mutations

You reflexively headbutt those who attack you in melee.
You have a pair of horns on your head.


Message History

You barely miss the orc wizard.
The orc wizard is almost dead.
You closely miss the orc. The orc hits you but does no damage.
You are electrocuted!
The orc wizard gestures at you while chanting.
The puff of flame hits you!
* * * LOW HITPOINT WARNING * * *
A red film seems to cover your vision as you go berserk!
You feel yourself moving faster!
You feel mighty!
You feel quite a bit more hungry.
You are engulfed in a cloud of scalding steam.
* * * LOW HITPOINT WARNING * * *
The orc closely misses you. You furiously retaliate!
You headbutt the orc.
You kill the orc!
Trog accepts your kill.
You hear a splash.
The orc wizard hits you but does no damage.
Your unstable footing causes you to fumble your attack.
You are engulfed in a cloud of scalding steam.
You die...

## ≈≈P≈≈ # ≈≈≈≈≈ # ≈≈≈♣l♣ ##+#
≈≈≈PP≈ #..# ≈≈≈≈≈≈≈≈Z♣ #Ko#
P≈≈≈≈≈≈≈≈≈≈♣≈##########
≈≈≈≈≈≈≈≈≈≈o♣♣.........#
≈≈≈≈≈≈≈≈≈≈o@≈########.#
##♣♣♣≈≈≈≈≈≈≈≈≈≈♣≈######.#.#
#.P♣PP≈≈≈≈≈≈≈P≈♣♣.........####
##.♣♣≈≈≈≈≈≈≈≈≈≈≈♣♣............###
#..♣♣≈P≈≈≈≈≈≈≈≈≈♣♣...............
#..≈PP≈≈≈≈≈≈≈≈≈≈♣♣............###
#...♣≈P≈≈≈≈≈≈♣P≈PP............#
#...≈≈P≈≈≈≈≈≈≈)P♣.............#
#...♣♣≈(≈P≈≈♣≈≈♣≈.............#


You could see an orc wizard, an orc, a leopard gecko and a howler monkey
skeleton.

Vanquished Creatures
  An orc wizard (D:4)
  2 bullfrog skeletons (D:4)
  An orc priest (D:4)
  Jessica (D:2)
  An iguana (D:4)
  A worker ant (D:4)
  6 gnolls
  8 adders
  A howler monkey skeleton (D:4)
  2 oozes
  An adder skeleton (D:4)
  7 worms (D:2)
  4 leopard geckos
  4 orcs (D:4)
  8 bats
  2 giant cockroaches
  10 goblins
  11 hobgoblins
  8 jackals
  2 ball pythons
  3 frilled lizards
  12 kobolds
  13 rats
  A plant (D:4)
110 creatures vanquished.

Notes
Turn   | Place    | Note
-------+----------+-------------------------------------------
     0 | D:1      | Naow the Minotaur Berserker began the quest for the Orb.
     0 | D:1      | Reached XP level 1. HP: 19/19 MP: 0/0
    49 | D:1      | Reached XP level 2. HP: 13/27 MP: 1/1
   123 | D:1      | Reached skill level 4 in Axes
   278 | D:1      | Reached ** piety under Trog
   278 | D:1      | Reached XP level 3. HP: 21/33 MP: 2/2
  1050 | D:2      | Reached skill level 5 in Axes
  1050 | D:2      | Reached XP level 4. HP: 40/40 MP: 3/3
  1253 | D:2      | Noticed Jessica
  1260 | D:2      | Killed Jessica
  1265 | D:2      | Reached XP level 5. HP: 47/47 MP: 4/4
  1278 | D:2      | Noticed a moth of wrath
  1306 | D:2      | Found a bloodstained altar of Trog.
  1335 | D:2      | Reached *** piety under Trog
  1934 | D:3      | Reached skill level 5 in Fighting
  1936 | D:3      | Reached skill level 6 in Axes
  2290 | D:3      | Reached XP level 6. HP: 56/56 MP: 5/5
  2601 | D:4      | Reached **** piety under Trog
  2934 | D:4      | Reached skill level 7 in Axes
  3303 | D:4      | HP: 3/84 [orc wizard] (9)]
  3304 | D:4      | Engulfed by an orc wizard's steam

Vault maps used:
D:1:      dpeg_arrival_tiny_a
D:2:      tgw_trog, uniq_jessica
D:3:      first_bread
D:4:      supply_closet_lemuel, corexii_checkpoint_a, serial_bayou_lake_a,
          uniq_sigmund

Skill      XL: |  1  2  3  4  5  6 |
---------------+-------------------+-----
Axes           | 4 5 6 7 |  7.1
Fighting       | 4 5 |  5.5
Armour         | 3 4 |  4.8
Dodging        | |  2.1

Action                   |  1- 3 |  4- 6 || total
-------------------------+-------+-------++-------
Melee: Hand axe          |    72 |   222 ||   294
       Headbutt          |    12 |    38 ||    50
Invok: Berserk           |     2 |     4 ||     6
 Stab: Sleeping          |       |     1 ||     1
  Eat: Chunk             |     1 |     9 ||    10
       Bread ration      |       |     1 ||     1
Armor: Animal skin       |     8 |    16 ||    24
Dodge: Dodged            |    50 |    95 ||   145
